 Dungeon Crawl Stone Soup version 0.28-a0-1506-g3893175d92 (webtiles) character file.

Game seed: 3156596604858404916

25969 AigisTheKnight the Arsonist (level 12, -17/91 HPs)
             Began as a Demonspawn Fire Elementalist on Jan 13, 2022.
             Was an Elder of Makhleb.
             Demolished by an entropy weaver simulacrum (19 damage)
             ... in an ice cave.
             The game lasted 00:47:47 (17946 turns).

AigisTheKnight the Arsonist (DsFE)                 Turns: 17946, Time: 00:47:48

Health: -17/91     AC: 13    Str:  9    XL:     12   Next: 94%
Magic:  18/24      EV: 14    Int: 28    God:    Makhleb [****..]
Gold:   859        SH:  6    Dex: 15    Spells: 12/27 levels left

rFire   . . .      SeeInvis .   E - +10 mace of the Old World {protect, Int+6}
rCold   + . .      Faith    .   p - +0 buckler
rNeg    . . .      Spirit   .   n - +0 leather armour {rC+}
rPois   +          Reflect  .   (no helmet)
rElec   .          Harm     .   D - +0 cloak {Will+}
rCorr   .          Rampage  .   (no gloves)
Will    ++...                   K - +1 pair of boots
Stlth   ++++......              (no amulet)
HPRegen 0.25/turn               v - ring of willpower
MPRegen 0.19/turn               x - ring of poison resistance

@: under a protective aura
A: thin skeletal structure 1, ignite blood 3, spiny 2, weakness stinger 2
a: Renounce Religion, Minor Destruction, Lesser Servant of Makhleb, Major
Destruction


You were in an ice cave.
You worshipped Makhleb.
Makhleb was greatly pleased with you.
You visited 3 branches of the dungeon, and saw 15 of its levels.
You also visited: Ice Cave.

You collected 859 gold pieces.

Inventory:

Hand Weapons
 c - a +0 short sword
 l - a +1 mace of draining
 E - the +10 mace of the Old World (weapon) {protect, Int+6}
   (You found it on level 6 of the Dungeon)

   It grants its wielder temporary protection when it strikes (+7 to AC).
   Int:       It affects your intelligence (+6).
Missiles
 a - 4 throwing nets
 N - 5 curare-tipped darts
Armour
 g - a +0 chain mail
 n - a +0 leather armour of cold resistance (worn)
 p - a +0 buckler (worn)
 D - a +0 cloak of willpower (worn)
 K - a +1 pair of boots (worn)
 L - a +0 kite shield
Magical Staves
 j - a staff of air
Jewellery
 q - a ring of ice
 v - a ring of willpower (left hand)
 x - a ring of poison resistance (right hand)
 z - a ring of willpower
 A - a +4 ring of evasion
 B - a ring of protection from cold
Wands
 k - a wand of charming (4)
 F - a wand of iceblast (9)
 R - a wand of mindburst (6)
 S - a wand of paralysis (6)
Scrolls
 d - 3 scrolls of enchant weapon
 e - 4 scrolls of teleportation
 f - a scroll of fear {unknown}
 i - a scroll of torment {unknown}
 t - 2 scrolls of noise {unknown}
 u - a scroll of holy word {unknown}
 w - 2 scrolls of vulnerability {unknown}
 y - 2 scrolls of enchant armour {unknown}
 H - a scroll of summoning {unknown}
 M - a scroll of immolation {unknown}
 O - a scroll of magic mapping {unknown}
 Q - a scroll of silence {unknown}
 T - a scroll of amnesia {unknown}
Potions
 b - 8 potions of curing
 h - 3 potions of haste
 m - 5 potions of degeneration
 o - a potion of lignification
 r - 3 potions of attraction
 s - 3 potions of heal wounds
 C - a potion of magic
 G - 2 potions of berserk rage
 I - a potion of might {unknown}
 J - 2 potions of flight
 P - a potion of resistance {unknown}


   Skills:
 + Level 7.0 Fighting
 + Level 6.3 Maces & Flails
 - Level 4.2 Armour
 - Level 6.1 Dodging
 - Level 5.4 Stealth
 + Level 7.8 Shields
 + Level 8.3 Spellcasting
 - Level 7.1 Conjurations
 + Level 4.5 Transmutations
 + Level 8.5 Fire Magic


You had 12 spell levels left.
You knew the following spells:

 Your Spells              Type           Power      Damage    Failure   Level
a - Foxfire               Conj/Fire      100%       2x1d9     1%          1
b - Flame Wave            Conj/Fire      53%        2d9       3%          4
c - Irradiate             Conj/Tmut      22%        3d21      21%         5
d - Fireball              Conj/Fire      26%        3d12      9%          5

Your spell library contained the following spells:

 Spells                   Type           Power      Damage    Failure   Level
 Scorch                   Fire           100%       2d10      1%          2
 Conjure Flame            Conj/Fire      53%        6-21      1%          3
 Inner Flame              Hex/Fire       35%        N/A       4%          3
 Sublimation of Blood     Necr           11%        N/A       12%         2
 Call Canine Familiar     Summ           11%        N/A       24%         3
 Petrify                  Tmut/Erth      24%        N/A       30%         4
 Starburst                Conj/Fire      26%        6d8       43%         6
 Animate Armour           Summ/Erth      22%        N/A       63%         4
 Freezing Cloud           Conj/Ice/Air   12%        6-21      63%         5
 Simulacrum               Ice/Necr       5%         N/A       100%        6
 Ignition                 Fire           28%        3d9       100%        8
 Dragon's Call            Summ           5%         N/A       100%        9
 Polar Vortex             Ice            5%         N/A       100%        9


Dungeon Overview and Level Annotations

Branches:
Dungeon (11/15)            Temple (1/1) D:7            Lair (3/6) D:11
  Snake (0/4) Lair:3          Orc (0/2) D:9           IceCv (1/1)
  Swamp: Lair:2-4    Shoals: Lair:2-4

Altars:
Ashenzari
Cheibriados
Elyvilon
Fedhas
Hepliaklqana
Kikubaaqudgha
Makhleb
Okawaru
Qazlal
Ru
Sif Muna
Trog
Uskayaw
Vehumet
Wu Jian
Xom
Yredelemnul
The Shining One
Jiyva

Shops:
D:4 :   D:5 :   D:7 (

Annotations:
D:11 3 runed translucent doors, kaffeinatedkobold's ghost, journeyman FoAK


Innate Abilities, Weirdness & Mutations

You have a somewhat thin skeletal structure. (Dex +2, Stealth+)
Your demonic aura causes all spilled blood to erupt in flames.
You are mostly covered in sharp spines.
You have a tail ending in a sharp stinger.


Message History

The entropy weaver simulacrum hits you but does no damage. x2
You block the entropy weaver simulacrum's attack. x2
The entropy weaver simulacrum is struck by your spines.
The entropy weaver simulacrum hits you.
The entropy weaver simulacrum freezes you!
You resist.
The entropy weaver simulacrum closely misses you.
The entropy weaver simulacrum hits you.
The entropy weaver simulacrum freezes you!
You resist.
The entropy weaver simulacrum hits you but does no damage.
Casting: Foxfire (safe; 1% risk of failure)
Confirm with . or Enter, or press ? or * to list all spells.
Aiming: Fireball (dangerous; 9% risk of failure)
Press: ? - help, Shift-Dir - straight line
Okay, then.
You hit the entropy weaver simulacrum but do no damage.
You tail-slap the entropy weaver simulacrum.
The entropy weaver simulacrum is severely damaged.
The entropy weaver simulacrum is struck by your spines.
The entropy weaver simulacrum barely misses you. x2
The entropy weaver simulacrum misses you.
The entropy weaver simulacrum closely misses you.
The entropy weaver simulacrum is struck by your spines.
The entropy weaver simulacrum hits you.
The entropy weaver simulacrum freezes you!
You resist. The entropy weaver simulacrum hits you.
The entropy weaver simulacrum freezes you!
You resist.
* * * LOW HITPOINT WARNING * * *
The entropy weaver simulacrum hits you.
* * * LOW HITPOINT WARNING * * *
The entropy weaver simulacrum freezes you!
You resist.
* * * LOW HITPOINT WARNING * * *
The entropy weaver simulacrum hits you.
* * * LOW HITPOINT WARNING * * *
The entropy weaver simulacrum freezes you!!
You resist.
You die...

### ##.##
#..##Z..#
#....Z@∩#
#..##...#
##.## ###


You could see 2 entropy weaver simulacra.

Vanquished Creatures
  6 hydras
  Harold (D:7)
  A two-headed ogre (D:10)
  Sonja (D:10)
  A cyclops (D:11)
  A black mamba (shapeshifter) (D:11)
  7 cane toads
  8 komodo dragons
  An entropy weaver simulacrum (IceCv)
  A troll (D:10)
  Grinder (D:4)
  A hornet (D:9)
  9 blink frogs
  A shadow (D:11)
  A basilisk (Lair:2)
  33 yaks
  A wyvern (Lair:2)
  4 vampire mosquitoes (D:11)
  3 wargs (D:11)
  Edmund (D:4)
  2 hell hounds (Lair:1)
  7 water moccasins
  5 orc warriors
  3 ice beasts
  A hornet zombie (D:8)
  2 black bears
  5 ogres
  14 wolves
  2 centaurs (D:9)
  A phantom (D:5)
  3 kobold brigands
  7 bullfrogs
  4 scorpions
  An elephant simulacrum (Lair:3)
  2 water moccasin skeletons (D:6)
  12 killer bees
  An electric eel (Lair:2)
  3 howler monkeys
  A lava snake (Lair:2)
  5 centaur zombies
  A jelly (D:4)
  8 orc priests
  Crazy Yiuf (D:6)
  3 centaur skeletons
  A gnoll shaman (D:6)
  An iguana (D:5)
  8 orc wizards
  A killer bee zombie (D:7)
  3 hound skeletons
  8 gnolls
  11 adders
  2 white imps (D:6)
  A worm (D:2)
  3 dart slugs
  39 orcs
  7 endoplasms
  2 giant cockroaches
  3 goblins
  3 hobgoblins
  4 jackals (D:1)
  16 kobolds
  7 quokkas
  7 ball pythons
  5 bats
  3 frilled lizards
  A quokka skeleton (D:4)
  3 rats
316 creatures vanquished.

Vanquished Creatures (collateral kills)
  13 foxfires
13 creatures vanquished.

Vanquished Creatures (others)
  1020 foxfires
  9 fungi
  10 plants
1039 creatures vanquished.

Grand Total: 1368 creatures vanquished

Notes
Turn   | Place    | Note
-------+----------+-------------------------------------------
     0 | D:1      | AigisTheKnight the Demonspawn Fire Elementalist began the
                  | quest for the Orb.
     0 | D:1      | Reached XP level 1. HP: 13/13 MP: 3/3
   696 | D:1      | Gained mutation: Your demonic aura sometimes causes spilled
                  | blood to erupt in flames. [demonic ancestry]
   696 | D:1      | Reached XP level 2. HP: 18/19 MP: 1/5
  1830 | D:2      | Gained mutation: You are partially covered in sharp spines.
                  | [demonic ancestry]
  1830 | D:2      | Reached XP level 3. HP: 21/24 MP: 3/6
  1932 | D:2      | Found a blossoming altar of Fedhas.
  2440 | D:2      | Found a faded altar of an unknown god.
  2602 | D:2      | Gained mutation: You are mostly covered in sharp spines.
                  | [demonic ancestry]
  2602 | D:2      | Reached XP level 4. HP: 15/30 MP: 4/7
  3723 | D:4      | Gained mutation: You have a small tail. [demonic ancestry]
  3723 | D:4      | Reached XP level 5. HP: 35/35 MP: 9/9
  3802 | D:4      | Found Colaheto's Book Emporium.
  3876 | D:4      | Noticed an ice beast
  3889 | D:4      | Killed an ice beast
  3890 | D:4      | Reached skill level 1 in Shields
  3956 | D:4      | Noticed Grinder
  3973 | D:4      | Paralysed by Grinder for 3 turns
  3977 | D:4      | Killed Grinder
  3978 | D:4      | Reached XP level 6. HP: 36/41 MP: 0/10
  4238 | D:4      | Noticed an orc warrior
  4271 | D:4      | Gained mutation: Your demonic aura often causes spilled
                  | blood to erupt in flames. [demonic ancestry]
  4271 | D:4      | Reached XP level 7. HP: 46/46 MP: 10/12
  5358 | D:5      | Entered Level 5 of the Dungeon
  5408 | D:5      | Noticed Edmund
  5569 | D:5      | Found Nogit's Book Shop.
  5925 | D:4      | Killed Edmund
  5926 | D:4      | Gained mutation: You have a tail ending in a sharp stinger.
                  | [demonic ancestry]
  5926 | D:4      | Reached XP level 8. HP: 11/52 MP: 12/14
  6575 | D:5      | Identified the +1 robe of Bedevilment {Rampage}
  6588 | D:5      | Found a hide-covered altar of Uskayaw.
  7047 | D:5      | Reached skill level 5 in Stealth
  7047 | D:5      | Reached skill level 5 in Fire Magic
  7055 | D:5      | Got the Disquisition on Summoning
  7137 | D:5      | HP: 2/52 [ice beast (6)]
  8132 | D:6      | Gained mutation: You have a somewhat thin skeletal
                  | structure. (Dex +2, Stealth+) [demonic ancestry]
  8132 | D:6      | Reached XP level 9. HP: 57/57 MP: 6/16
  8437 | D:6      | Reached skill level 5 in Conjurations
  8945 | D:6      | Found a runed translucent door.
  8946 | D:6      | Noticed Crazy Yiuf
  9145 | D:6      | Reached skill level 5 in Spellcasting
  9400 | D:6      | Killed Crazy Yiuf
  9401 | D:6      | Reached skill level 5 in Dodging
  9409 | D:6      | Identified the +10 mace of the Old World {protect, Int+6}
  9560 | D:7      | Noticed Harold
  9577 | D:7      | Killed Harold
  9578 | D:7      | Reached skill level 1 in Fighting
  9578 | D:7      | Reached skill level 1 in Maces & Flails
  9807 | D:7      | Found Ziositz's Hydra Hut.
  9807 | D:7      | Found a staircase to the Ecumenical Temple.
  9810 | D:7      | Noticed an eight-headed hydra
  9816 | D:7      | Found an ornate altar of the Wu Jian Council.
  9823 | Temple   | Entered the Ecumenical Temple
  9872 | Temple   | Became a worshipper of Makhleb the Destroyer
 10056 | D:7      | Found a blossoming altar of Fedhas.
 10059 | D:7      | Found a shimmering blue altar of Sif Muna.
 11240 | D:8      | Reached XP level 10. HP: 62/68 MP: 15/18
 11425 | D:8      | Reached * piety under Makhleb
 11432 | D:8      | Reached skill level 5 in Shields
 12228 | D:9      | Found a staircase to the Orcish Mines.
 12338 | D:9      | Reached ** piety under Makhleb
 13223 | D:9      | Learned a level 4 spell: Flame Wave
 13229 | D:9      | Learned a level 5 spell: Irradiate
 13230 | D:10     | Entered Level 10 of the Dungeon
 13249 | D:10     | Noticed a two-headed ogre
 13260 | D:10     | Killed a two-headed ogre
 13261 | D:10     | Reached skill level 1 in Armour
 13597 | D:10     | Noticed Sonja
 13606 | D:10     | Killed Sonja
 13607 | D:10     | Reached XP level 11. HP: 56/77 MP: 6/20
 14129 | D:11     | Found a runed translucent gate.
 14129 | D:11     | Found a runed translucent gate.
 14130 | D:11     | Found a runed translucent gate.
 14130 | D:11     | Noticed kaffeinatedkobold's ghost (journeyman FoAK)
 14246 | D:11     | Found a staircase to the Lair.
 14250 | D:11     | Noticed a five-headed hydra
 14992 | D:11     | Killed a five-headed hydra
 14993 | D:11     | Reached skill level 1 in Transmutations
 15269 | D:11     | Found a viscous altar of Jiyva.
 15325 | Lair:1   | Entered Level 1 of the Lair of Beasts
 15343 | Lair:1   | Reached skill level 5 in Fighting
 15356 | Lair:1   | Found a shimmering altar of Xom.
 15458 | Lair:1   | Reached *** piety under Makhleb
 15472 | Lair:1   | Noticed a four-headed hydra
 15526 | Lair:1   | Reached skill level 5 in Maces & Flails
 15603 | Lair:1   | Killed a four-headed hydra
 15623 | Lair:1   | Noticed a five-headed hydra
 15632 | Lair:1   | Noticed a six-headed hydra
 15651 | Lair:1   | Gained mutation: Your demonic aura causes all spilled blood
                  | to erupt in flames. [demonic ancestry]
 15651 | Lair:1   | Reached XP level 12. HP: 83/86 MP: 9/23
 15666 | Lair:1   | Killed a six-headed hydra
 15900 | Lair:1   | Killed a five-headed hydra
 16693 | Lair:2   | Noticed a four-headed hydra
 16700 | Lair:2   | Killed a four-headed hydra
 16700 | Lair:2   | Reached **** piety under Makhleb
 16711 | Lair:2   | Learned a level 5 spell: Fireball
 17815 | Lair:3   | Found a staircase to the Snake Pit.
 17822 | Lair:3   | Noticed a four-headed hydra
 17826 | Lair:3   | Killed a four-headed hydra
 17887 | Lair:3   | Found a frozen archway.
 17936 | IceCv    | Entered an ice cave
 17946 | IceCv    | HP: 2/91 [entropy weaver simulacrum (6)]
 17946 | IceCv    | Demolished by an entropy weaver simulacrum

Illustrated notes

Levels and vault maps discovered:
D:1:      lightli_arrival_maybe_door_vault, layout_basic
D:2:      layout_basic, basic_altar, shapermc_ecumenical_altar_mp_highgroup
D:3:      layout_basic
D:4:      layout_basic, serial_shops, shop, guppyfry_early_orc_mine,
          uniq_grinder
D:5:      minmay_clustersquares, layout_rooms, old_standard_altar, serial_shops,
          nicolae_stop_n_shop_2, saegor_snake_ambush, uniq_edmund
D:6:      layout_layer_cave, minmay_circle_x, uniq_crazy_yiuf_cottage
D:7:      layout_gridville, grunt_temple_overflow_open,
          minmay_temple_entry_overgrown, kennysheep_diamond,
          doesnt_shop_hydraphobe, uniq_harold
D:8:      layout_gridville
D:9:      layout_stronghold, orc_0_dummy, minivault_1
D:10:     layout_basic, uniq_sonja
D:11:     layout_roguey, erik_lair_orcish_takeover, gammafunk_ghost_ooze,
          nicolae_elevator_lobby_plus
Temple:   mainiacjoe_temple_coin_purse
Lair:1:   layout_gridlike, enter_volcano_3, basic_altar, pond
Lair:2:   layout_gridlike, lemuel_fruit_fields
Lair:3:   layout_layer_cave, dummy_snake_entry,
          portal_ice_cave_entry_ice_simulacra
IceCv:    ice_cave_hellmonk_azure_passage

Skill      XL: |  1  2  3  4  5  6  7  8  9 10 11 12 |
---------------+-------------------------------------+-----
Stealth        | 2 3 4 5 |  5.4
Dodging        | 2 3 4 5 6 |  6.1
Fire Magic     | 3 4 5 6 7 8 |  8.5
Conjurations   | 2 3 4 5 6 7 |  7.1
Shields        | 1 2 3 4 5 6 7 |  7.8
Spellcasting   | 3 4 5 6 7 8 |  8.3
Fighting       | 2 4 5 7 |  7.0
Maces & Flails | 2 3 5 6 |  6.3
Armour         | 1 3 4 |  4.2
Transmutations | 2 4 |  4.5

Action                   |  1- 3 |  4- 6 |  7- 9 | 10-12 || total
-------------------------+-------+-------+-------+-------++-------
Melee: Short sword       |    57 |       |       |       ||    57
       Unarmed           |     4 |       |       |       ||     4
       Punch             |     2 |       |       |       ||     2
       Mace              |     9 |    30 |   106 |   197 ||   342
       Tailslap          |       |       |    14 |    38 ||    52
 Cast: Foxfire           |    36 |    27 |   264 |   336 ||   663
       Flame Wave        |       |       |       |    11 ||    11
       Fireball          |       |       |       |     6 ||     6
  Use: Scroll            |       |       |     1 |    10 ||    11
 Stab: Sleeping          |     3 |     1 |       |     2 ||     6
Armor: Robe              |     8 |       |       |       ||     8
       Leather armour    |     1 |     4 |    19 |    96 ||   120
Dodge: Dodged            |    63 |    17 |    82 |   127 ||   289
Block: Buckler           |       |       |    35 |    79 ||   114

Table legend: (Time is in decaauts)
 A = Elapsed time spent in this place.
 B = Non-inter-level travel time spent in this place.
 C = Inter-level travel time spent in this place.
 D = Time resting spent in this place.
 E = Time spent auto-exploring this place.
 F = Levels seen in this place.
 G = Mean time per level.
                   A        B        C        D        E       F      G
               +--------+--------+--------+--------+--------+-----+--------+
         Total |  18081 |  17384 |    697 |   2568 |  11762 |  16 | 1130.1 |
       Dungeon |  15382 |  14789 |    593 |   2460 |  10021 |  11 | 1398.4 |
        Temple |     58 |     50 |      8 |      0 |     33 |   1 |   58.0 |
          Lair |   2629 |   2533 |     96 |    108 |   1708 |   3 |  876.3 |
      Ice Cave |     10 |     10 |      0 |      0 |      0 |   1 |   10.0 |
               +--------+--------+--------+--------+--------+-----+--------+

Top non-repeatable levels by time:
     D:4: 2162 daAuts
     D:1: 1758 daAuts
     D:6: 1707 daAuts
     D:5: 1587 daAuts
     D:9: 1288 daAuts
  Lair:1: 1283 daAuts
    D:11: 1251 daAuts
     D:2: 1220 daAuts
     D:7: 1211 daAuts
     D:8: 1198 daAuts
     D:3: 1144 daAuts
  Lair:2: 1142 daAuts
    D:10: 853 daAuts
  Lair:3: 204 daAuts
  Temple: 58 daAuts
